Map: Blackpink LE

Players

Eintopf - Winner!

  • Race: Terran Terran
  • League: Diamond
  • Spawn Location: 7:00

Twister

  • Race: Terran Terran
  • League: Gold
  • Spawn Location: 1:00

VOD

Have the link to the VOD?

Description

Time

  • Played on: Dec. 20, 2017, 5:40 p.m.
  • Length: 7:59
Show
View Real Time Build Order
Export as new Build Order

Eintopf Terran - Winner!

Build Orders:  

Get SALT Encoding   

  12  0:01  SCV  
  13  0:13  SCV  
  14  0:18  Supply Depot  
  14  0:25  SCV  
  15  0:30  Refinery  
  15  0:40  SCV  
  16  0:46  Barracks  
  16  0:52  SCV  
  17  1:04  SCV  
  18  1:16  SCV  
  20  1:37  Reaper  
  20  1:40  Orbital Command  
  20  1:49  Command Center  
  20  2:05  Factory  
  20  2:06  SCV  
  21  2:14  Barracks Reactor  
  21  2:23  SCV  
  21  2:24  Supply Depot  
  21  2:27  Refinery  
  22  2:35  SCV  
  23  2:47  SCV  
  23  2:50  Factory Tech Lab  
  24  2:52  Marine x2  
  24  2:56  Starport  
  26  2:59  SCV  
  26  3:04  Orbital Command  
  27  3:11  SCV  
  27  3:12  Marine x2  
  30  3:18  Siege Tank  
  33  3:23  SCV  
  34  3:30  SCV  
  35  3:35  SCV  
  35  3:36  Medivac  
  35  3:38  Marine x2  
  40  3:42  SCV  
  40  3:47  SCV  
  42  3:55  SCV  
  43  4:00  SCV, Marine  
  43  4:01  Marine  
  46  4:05  Supply Depot  
  46  4:10  Barracks  
  46  4:17  SCV x2, Medivac  
  46  4:18  Siege Tank  
  53  4:25  Marine  
  53  4:28  Marine  
  53  4:29  SCV  
  56  4:31  SCV  
  56  4:38  Command Center  
  57  4:41  SCV  
  57  4:43  SCV, Marine  
  60  4:46  Marine  
  60  4:50  Supply Depot  
  60  4:51  Starport Reactor  
  61  4:53  SCV  
  62  5:11  SCV x2  
  62  5:12  Supply Depot  
  64  5:14  Barracks Tech Lab  
  64  5:16  Engineering Bay, Marine x2  
  64  5:17  Engineering Bay, Siege Tank  
  69  5:23  SCV  
  69  5:25  Refinery x2  
  70  5:33  SCV  
  70  5:34  Marine  
  72  5:36  SCV, Stimpack  
  73  5:46  SCV  
  73  5:48  SCV  
  74  5:55  Marine x2  
  74  5:56  Marine  
  76  5:57  Siege Tank  
  76  5:58  SCV  
  76  6:00  SCV  
  75  6:12  SCV  
  75  6:13  Marine x2  
  76  6:24  SCV, Marine  
  78  6:26  Orbital Command  
  78  6:30  Marine  
  79  6:36  SCV  
  80  6:42  Viking  
  80  6:43  Marine x2  
  80  6:44  Siege Tank  
  87  6:48  SCV  
  88  7:00  SCV  
  89  7:04  Barracks  
  89  7:06  SCV  
  89  7:07  Refinery, Marine x2  
  92  7:09  Barracks, Marine  
  92  7:11  Barracks  
  93  7:32  Supply Depot  
  93  7:44  Supply Depot  
  93  7:47  SCV  
  98  7:52  Supply Depot  
Show
View Real Time Build Order
Export as new Build Order

Twister Terran 

Build Orders:  

Get SALT Encoding   

  12  0:02  SCV  
  13  0:15  SCV  
  13  0:19  Supply Depot  
  14  0:28  Refinery  
  14  0:29  SCV  
  15  0:41  SCV  
  16  0:57  Barracks  
  16  0:58  SCV  
  17  1:10  SCV  
  18  1:22  SCV  
  19  1:34  SCV  
  20  1:47  Orbital Command  
  20  1:49  Barracks Reactor  
  20  1:54  Command Center  
  20  2:06  Factory  
  20  2:13  Supply Depot  
  20  2:16  SCV  
  21  2:24  Marine x2  
  23  2:34  SCV, Refinery  
  24  2:42  Marine x2  
  25  2:52  Factory Tech Lab  
  25  2:58  Starport  
  25  3:05  Supply Depot, Marine x2  
  27  3:07  SCV  
  28  3:19  SCV  
  29  3:26  Siege Tank  
  32  3:27  Marine  
  32  3:28  Marine  
  32  3:33  SCV  
  35  3:35  Supply Depot  
  35  3:43  Medivac  
  35  3:45  SCV  
  38  3:55  Supply Depot  
  38  3:56  Marine  
  38  3:57  SCV  
  38  3:58  Marine  
  41  4:06  Siege Tank  
  44  4:12  SCV  
  45  4:22  Medivac  
  47  4:24  SCV  
  47  4:27  Marine x2  
  50  4:36  SCV  
  50  4:37  Orbital Command  
  51  4:44  Marine  
  52  4:49  SCV  
  52  4:50  Supply Depot  
  53  5:01  SCV  
  54  5:07  Marine x2  
  54  5:13  SCV  
  57  5:16  SCV  
  57  5:20  Refinery  
  58  5:25  SCV  
  59  5:28  SCV  
  59  5:29  Siege Tank, Supply Depot  
  59  5:31  Medivac  
  65  5:37  SCV  
  65  5:40  SCV  
  67  5:49  SCV  
  66  5:53  SCV  
  63  6:01  SCV, Siege Tank  
  39  6:31  Marine x2  
  34  6:49  Marine x2  
  36  7:06  Command Center  
  36  7:07  Barracks  
  36  7:10  Barracks  
  36  7:19  Barracks x2  
  26  7:22  Command Center  
  26  7:42  Supply Depot  
  26  7:43  Supply Depot  
  26  7:46  Supply Depot  
Tags
 
Matchup
TvT
Race
Terran
Spawn Locations
Cross Positions
Add a new tag
Caveats
  • Supply blocks, unpowered buildings, or Contaminate may cause inaccurate times.
  • Supply counts are checked every 10 seconds.